 Dungeon Crawl Stone Soup version 0.25.0-26-g0c896c7088 (webtiles) character file.

Game seed: 9332891252396853142

100 Revguard the Grave Robber (level 4, 0/24 HPs)
             Began as a Deep Elf Necromancer on July 4, 2020.
             Succumbed to a kobold's poison
             ... on level 3 of the Dungeon.
             The game lasted 00:07:11 (2484 turns).

Revguard the Grave Robber (Deep Elf Necromancer)    Turns: 2484, Time: 00:07:12

Health: 0/24       AC:  4    Str:  5    XL:     4   Next: 46%
Magic:  0/12       EV: 13    Int: 21    God:
Gold:   30         SH:  0    Dex: 15    Spells: 3/12 levels left

rFire    . . .     SeeInvis .   (no weapon)
rCold    . . .     Gourm    .   (no shield)
rNeg     . . .     Faith    .   a - +0 robe
rPois    .         Spirit   .   b - +0 helmet
rElec    .         Reflect  .   (no cloak)
rCorr    .         Harm     .   g - +0 pair of gloves
MR       .....                  (no boots)
Stlth    ++........             (no amulet)
HPRegen  0.08/turn              (no ring)
MPRegen  0.13/turn              (no ring)

@: lethally poisoned (0 -> -2)
A: no striking features
a: no special abilities


You were on level 3 of the Dungeon.
You were not hungry.

You visited 1 branch of the dungeon, and saw 3 of its levels.

You collected 30 gold pieces.

Inventory:

Armour
 a - a +0 robe (worn)
 b - a +0 helmet (worn)
 g - a +0 pair of gloves (worn)
Jewellery
 d - an uncursed ring of wizardry
Comestibles
 c - a ration


   Skills:
 + Level 2.4 Dodging
 + Level 2.5 Stealth
 + Level 4.9 Spellcasting
 + Level 6.0 Necromancy


You had 3 spell levels left.
You knew the following spells:

 Your Spells              Type           Power        Failure   Level  Hunger
a - Pain                  Necr           ####         1%          1    None
b - Animate Skeleton      Necr           N/A          1%          1    None
c - Vampiric Draining     Necr           ####......   2%          3    ##.....
d - Animate Dead          Necr           N/A          9%          4    ####...

Your spell library contained the following spells:

 Spells                   Type           Power        Failure   Level  Hunger
 Agony                    Necr           ####....     26%         5    #####..


Dungeon Overview and Level Annotations

Branches:
Dungeon (2/15)

Altars:
Ashenzari


Message History

The jackal is heavily wounded.
The jackal closely misses you. The jackal barely misses you.
Casting: Pain (safe; 1% risk of failure)
Confirm with . or Enter, or press ? or * to list all spells.
Aiming: Pain (safe; 1% risk of failure)
Press: ? - help, Shift-Dir - straight line, f - jackal
Aim: a jackal (heavily wounded, chance to defeat MR: 93%)
The jackal writhes in agony.
You kill the jackal!
* * * LOW HITPOINT WARNING * * *
You feel sick.
You closely miss the goblin. The goblin hits you with a +0 club.
* * * LOW HITPOINT WARNING * * *
You aren't carrying any potions.
Unknown command.
You aren't carrying any scrolls.
You closely miss the goblin. You completely miss the goblin.
The goblin closely misses you.
You barely miss the goblin.
You die...

.. .# ## #.##. ###..
#.... .... #... ...
#... ♣.# #..♣ ♣.## #
#.(♣♣ ♣..######....
#...♣♣♣♣♣♣.<.g@...#
#####'.........####.#
.....(.(.)#.#.....#
.............$.##.#
..........#.#...# #
..........#.#.###
..........#....
..#######.#....# ##
#.#....#


You could see a goblin.

Vanquished Creatures
  Robin (D:2)
  3 adders (D:2)
  An ooze (D:2)
  3 leopard geckos
  A ball python (D:2)
  4 bats
  3 giant cockroaches (D:1)
  8 goblins
  7 hobgoblins
  7 jackals
  2 frilled lizards (D:1)
  3 kobolds
  8 rats
51 creatures vanquished.

Vanquished Creatures (collateral kills)
  2 goblins (D:2)
  A hobgoblin (D:1)
3 creatures vanquished.

Grand Total: 54 creatures vanquished

Notes
Turn   | Place    | Note
-------+----------+-------------------------------------------
     0 | D:1      | Revguard the Deep Elf Necromancer began the quest for the
                  | Orb.
     0 | D:1      | Reached XP level 1. HP: 10/10 MP: 6/6
   102 | D:1      | Reached skill level 5 in Necromancy
   265 | D:1      | Reached XP level 2. HP: 13/15 MP: 4/8
  1150 | D:1      | Learned a level 1 spell: Animate Skeleton
  1257 | D:1      | Reached XP level 3. HP: 11/19 MP: 6/10
  1268 | D:1      | Learned a level 3 spell: Vampiric Draining
  1606 | D:2      | Found a shattered altar of Ashenzari.
  2011 | D:2      | Reached XP level 4. HP: 24/24 MP: 10/12
  2017 | D:2      | Learned a level 4 spell: Animate Dead
  2051 | D:2      | Reached skill level 6 in Necromancy
  2052 | D:2      | Noticed Robin
  2122 | D:2      | HP: 1/24 [hobgoblin/+0 club[Robin] (2)]
  2124 | D:2      | Killed Robin
  2445 | D:2      | You fall into a shaft and drop 1 floor!
  2481 | D:3      | HP: 1/24 [goblin/+0 club (2)]
  2484 | D:3      | Succumbed to a kobold's poison

Illustrated notes

Levels and vault maps discovered:
D:1:      minmay_arrival_stair_chambers, layout_basic,
          wander_ebering_terrifying_dragon_lair
D:2:      layout_basic, old_standard_altar, grunt_ministairs_15, uniq_robin
D:3:      layout_basic, portal_sewer_entry_d, chequers_ecumenical_altar_twisty,
          first_ration, minmay_misc_feat_iff, chequers_avenue, nrook_campfire,
          uniq_grinder

Skill      XL: |  1  2  3  4 |
---------------+-------------+-----
Necromancy     | 5 6 |  6.0
Spellcasting   | 4 |  4.9
Dodging        | |  2.4
Stealth        | |  2.5

Action                   |  1- 3 |  4- 6 || total
-------------------------+-------+-------++-------
Melee: Unarmed           |     2 |    23 ||    25
 Cast: Pain              |    58 |    19 ||    77
       Animate Skeleton  |     5 |       ||     5
       Vampiric Draining |       |     4 ||     4
       Animate Dead      |       |     3 ||     3
  Use: Potion            |     3 |     1 ||     4
       Scroll            |     2 |       ||     2
  Eat: Chunk             |     3 |     2 ||     5
Armor: Robe              |     3 |     7 ||    10
       Skin              |       |     7 ||     7
Dodge: Dodged            |    24 |    27 ||    51
